XFBL
SEATTLE MARINERS @ BOSTON RED SOX
05/19/1982
 
TOP OF THE 1ST
Seattle Mariners batting - Pitching for Boston Red Sox : LHP Gary Perritt
Pitching: LHP Gary Perritt
Batting: SHB Miguel Dilone 0-0: Called Strike
0-1: Ground out 6-3 (Groundball, 4M, EV 100.0 MPH)
Batting: LHB Jose Perales 0-0: Foul Ball, location: 2F
0-1: Ball
1-1: Fly out, F7 (Line Drive, 7, EV 89.4 MPH)
Batting: RHB Robin Yount 0-0: Called Strike
0-1: Ground out 4-3 (Groundball, 4, EV 86.3 MPH)
Top of the 1st over - 0 runs, 0 hits, 0 errors, 0 left on base; Seattle 0 - Boston 0
BOTTOM OF THE 1ST
Boston Red Sox batting - Pitching for Seattle Mariners : LHP Rich Rodas
Pitching: LHP Rich Rodas
Batting: LHB Claudell Washington 0-0: Ball
1-0: Ball
2-0: Called Strike
2-1: Ground out U3 (Groundball, 3L, EV 85.0 MPH)
Batting: RHB Richie Zisk 0-0: Foul Ball, location: 2F
0-1: Ball
1-1: SOLO HOME RUN (Line Drive, 7D, EV 105.6 MPH), Distance : 453 ft
Batting: LHB George Brett 0-0: Ball
1-0: Ground out 4-3 (Groundball, 4, EV 83.8 MPH)
Batting: RHB Jeff Burroughs 0-0: Ball
1-0: Foul Ball, location: 2F
1-1: SINGLE (Line Drive, 8LS, EV 88.1 MPH)
Batting: LHB Willie Aikens 0-0: Called Strike
0-1: Foul Ball, location: 2F
0-2: Ball
Wild Pitch!
Jeff Burroughs to second
1-2: SINGLE (Groundball, 4MD, EV 105.0 MPH)
Jeff Burroughs to third
Runner from 3rd tries for Home, SAFE, throw by CF to home
Batting: RHB Kevin Klettke 0-0: Ball
1-0: Ground out 5-3 (Groundball, 56S, EV 91.3 MPH)
Bottom of the 1st over - 2 runs, 3 hits, 0 errors, 1 left on base; Seattle 0 - Boston 2
TOP OF THE 2ND
Seattle Mariners batting - Pitching for Boston Red Sox : LHP Gary Perritt
Batting: LHB Don Mattingly 0-0: Called Strike
0-1: Ball
1-1: Ball
2-1: Swinging Strike
2-2: Fly out, F8 (Flyball, 8RD, EV 86.3 MPH)
Batting: LHB Mike Stenhouse 0-0: Fly out, F8 (Flyball, 89M, EV 78.8 MPH)
Batting: RHB Ryne Sandberg 0-0: Ball
1-0: Fly out, F4 (Popup, 4, EV 68.1 MPH)
Top of the 2nd over - 0 runs, 0 hits, 0 errors, 0 left on base; Seattle 0 - Boston 2
BOTTOM OF THE 2ND
Boston Red Sox batting - Pitching for Seattle Mariners : LHP Rich Rodas
Batting: SHB Scotti Madison 0-0: Ball
1-0: Ball
2-0: Fly out, F8 (Flyball, 8LXD, EV 95.6 MPH)
Batting: SHB Albert Hall 0-0: Fly out, F9 (Flyball, 89M, EV 98.1 MPH)
Batting: SHB Nelson Norman 0-0: Ball
1-0: Foul Ball, location: 2F
1-1: SINGLE (Groundball, 4D, EV 106.9 MPH)
Batting: LHB Claudell Washington 0-0: Ball
1-0: DOUBLE (Flyball, 78D, EV 110.0 MPH)
Nelson Norman to third
Runner from 3rd tries for Home, SAFE, no throw by LF
Batting: RHB Richie Zisk 0-0: Ball
1-0: Called Strike
1-1: Ball
2-1: Foul Ball, location: 2F
2-2: Fly out, F8 (Line Drive, 8LD, EV 86.3 MPH)
Bottom of the 2nd over - 1 run, 2 hits, 0 errors, 1 left on base; Seattle 0 - Boston 3
TOP OF THE 3RD
Seattle Mariners batting - Pitching for Boston Red Sox : LHP Gary Perritt
Batting: LHB Ivan Flores 0-0: Ground out 5-3 (Groundball, 56, EV 102.5 MPH)
Batting: RHB Ramon Estepa 0-0: Ball
1-0: Swinging Strike
1-1: Foul Ball, location: 2F
1-2: Foul Ball, location: 2F
1-2: Ball
2-2: Strikes out swinging
Batting: RHB Ken Reitz 0-0: Foul Ball, location: 2F
0-1: DOUBLE (Flyball, 8RXD, EV 110.0 MPH)
Batting: SHB Miguel Dilone 0-0: Ball
1-0: Ball
2-0: Fly out, F8 (Flyball, 8RD, EV 90.6 MPH)
Top of the 3rd over - 0 runs, 1 hit, 0 errors, 1 left on base; Seattle 0 - Boston 3
BOTTOM OF THE 3RD
Boston Red Sox batting - Pitching for Seattle Mariners : LHP Rich Rodas
Batting: LHB George Brett 0-0: Ball
1-0: Ball
2-0: Called Strike
2-1: Ball
3-1: Swinging Strike
3-2: Strikes out looking
Batting: RHB Jeff Burroughs 0-0: Called Strike
0-1: Swinging Strike
0-2: Ball
1-2: Strikes out looking
Batting: LHB Willie Aikens 0-0: DOUBLE (Flyball, 8RXD, EV 90.0 MPH)
Batting: RHB Kevin Klettke 0-0: Swinging Strike
0-1: Called Strike
0-2: Ball
1-2: Ball
2-2: Ball
3-2: Strikes out swinging
Bottom of the 3rd over - 0 runs, 1 hit, 0 errors, 1 left on base; Seattle 0 - Boston 3
TOP OF THE 4TH
Seattle Mariners batting - Pitching for Boston Red Sox : LHP Gary Perritt
Batting: LHB Jose Perales 0-0: Foul Ball, location: 2F
0-1: Ball
1-1: Ball
2-1: Called Strike
2-2: Foul Ball, location: 2F
2-2: Foul Ball, location: 2F
2-2: Ball
3-2: Strikes out swinging
Batting: RHB Robin Yount 0-0: Ball
1-0: Swinging Strike
1-1: Ground out 4-3 (Groundball, 4M, EV 78.1 MPH)
Batting: LHB Don Mattingly 0-0: Ball
1-0: Called Strike
1-1: Called Strike
1-2: Foul Ball, location: 2F
1-2: Foul Ball, location: 2F
1-2: Ground out 6-3 (Groundball, 6S, EV 66.9 MPH)
Top of the 4th over - 0 runs, 0 hits, 0 errors, 0 left on base; Seattle 0 - Boston 3
BOTTOM OF THE 4TH
Boston Red Sox batting - Pitching for Seattle Mariners : LHP Rich Rodas
Batting: SHB Scotti Madison 0-0: Called Strike
0-1: Ball
1-1: Swinging Strike
1-2: Foul Ball, location: 2F
1-2: Strikes out looking
Batting: SHB Albert Hall 0-0: Bunt for hit to 2R - play at first, batter OUT! 2-3
Batting: SHB Nelson Norman 0-0: Ball
1-0: Fly out, F5 (Line Drive, 5, EV 70.6 MPH)
Bottom of the 4th over - 0 runs, 0 hits, 0 errors, 0 left on base; Seattle 0 - Boston 3
TOP OF THE 5TH
Seattle Mariners batting - Pitching for Boston Red Sox : LHP Gary Perritt
Batting: LHB Mike Stenhouse 0-0: Ball
1-0: Called Strike
1-1: Ball
2-1: Ball
3-1: Base on Balls
Batting: RHB Ryne Sandberg 0-0: Ball
1-0: Foul Ball, location: 2F
1-1: Ball
2-1: Foul Ball, location: 2F
2-2: Strikes out looking
Batting: LHB Ivan Flores 0-0: Called Strike
0-1: Ball
1-1: Ball
2-1: Ground out 6-3 (Groundball, P, EV 88.1 MPH)
Mike Stenhouse to second
Batting: RHB Ramon Estepa 0-0: Called Strike
0-1: Fly out, F8 (Flyball, 8RS, EV 76.3 MPH)
Top of the 5th over - 0 runs, 0 hits, 0 errors, 1 left on base; Seattle 0 - Boston 3
BOTTOM OF THE 5TH
Boston Red Sox batting - Pitching for Seattle Mariners : LHP Rich Rodas
Batting: LHB Claudell Washington 0-0: Ball
1-0: SINGLE (Line Drive, 89S, EV 95.0 MPH)
Batting: RHB Richie Zisk 0-0: Ball
1-0: SINGLE (Groundball, 56D, EV 95.6 MPH)
Claudell Washington to second
Batting: LHB George Brett 0-0: Swinging Strike
0-1: Ball
1-1: Ball
2-1: Ball
3-1: Fly out, F7 (Flyball, 7, EV 79.4 MPH)
Batting: RHB Jeff Burroughs 0-0: Ball
1-0: Called Strike
1-1: Foul Ball, location: 2F
1-2: Ball
2-2: Ball
3-2: Fly out, F2 (Popup, 3SF, EV 86.9 MPH)
Batting: LHB Willie Aikens 0-0: Ball
1-0: Ball
2-0: Ball
3-0: Base on Balls
Claudell Washington to third
Richie Zisk to second
Batting: RHB Kevin Klettke 0-0: Ball
1-0: Called Strike
1-1: Foul Ball, location: 2F
1-2: Ball
2-2: Fly out, F5 (Flyball, 5D, EV 89.4 MPH)
Bottom of the 5th over - 0 runs, 2 hits, 0 errors, 3 left on base; Seattle 0 - Boston 3
TOP OF THE 6TH
Seattle Mariners batting - Pitching for Boston Red Sox : LHP Gary Perritt
Batting: RHB Ken Reitz 0-0: Fly out, F8 (Line Drive, 8LD, EV 94.4 MPH)
Batting: SHB Miguel Dilone 0-0: Swinging Strike
0-1: Called Strike
0-2: Ball
1-2: Foul Ball, location: 2F
1-2: Foul Ball, location: 2F
1-2: Ball
2-2: Foul Ball, location: 2F
2-2: Ground out 6-3 (Groundball, 6, EV 105.0 MPH)
Batting: LHB Jose Perales 0-0: Swinging Strike
0-1: Ball
1-1: Ball
2-1: Swinging Strike
2-2: Foul Ball, location: 2F
2-2: Strikes out swinging
Top of the 6th over - 0 runs, 0 hits, 0 errors, 0 left on base; Seattle 0 - Boston 3
BOTTOM OF THE 6TH
Boston Red Sox batting - Pitching for Seattle Mariners : LHP Rich Rodas
Batting: SHB Scotti Madison 0-0: Swinging Strike
0-1: Called Strike
0-2: Ball
1-2: Ball
2-2: Strikes out swinging
Batting: SHB Albert Hall 0-0: Foul Ball, location: 2F
0-1: Fly out, F9 (Flyball, 9D, EV 93.1 MPH)
Batting: SHB Nelson Norman 0-0: Fly out, F8 (Flyball, 89XD, EV 101.9 MPH)
Bottom of the 6th over - 0 runs, 0 hits, 0 errors, 0 left on base; Seattle 0 - Boston 3
TOP OF THE 7TH
Seattle Mariners batting - Pitching for Boston Red Sox : LHP Gary Perritt
Batting: RHB Robin Yount 0-0: Called Strike
0-1: Called Strike
0-2: Ball
1-2: Ground out 4-3 (Groundball, 4, EV 94.4 MPH)
Batting: LHB Don Mattingly 0-0: Ball
1-0: Ground out 6-3 (Groundball, 6, EV 90.0 MPH)
Batting: LHB Mike Stenhouse 0-0: Ball
1-0: Ball
2-0: Foul Ball, location: 2F
2-1: Ball
3-1: Called Strike
3-2: Foul Ball, location: 2F
3-2: Ground out 6-3 (Groundball, 6M, EV 84.4 MPH)
Top of the 7th over - 0 runs, 0 hits, 0 errors, 0 left on base; Seattle 0 - Boston 3
BOTTOM OF THE 7TH
Boston Red Sox batting - Pitching for Seattle Mariners : LHP Rich Rodas
Batting: LHB Claudell Washington 0-0: Called Strike
0-1: Ground out 3-1 (Groundball, 34, EV 83.8 MPH)
Batting: RHB Richie Zisk 0-0: Fly out, F3 (Popup, 3SF, EV 80.0 MPH)
Batting: LHB George Brett 0-0: Ball
1-0: Foul Ball, location: 2F
1-1: Ball
2-1: Foul Ball, location: 2F
2-2: Foul Ball, location: 2F
2-2: Fly out, F7 (Flyball, 7LM, EV 86.9 MPH)
Bottom of the 7th over - 0 runs, 0 hits, 0 errors, 0 left on base; Seattle 0 - Boston 3
TOP OF THE 8TH
Seattle Mariners batting - Pitching for Boston Red Sox : LHP Gary Perritt
Now in CF: Daryl Sconiers
Batting: RHB Ryne Sandberg 0-0: Swinging Strike
0-1: Called Strike
0-2: Foul Ball, location: 2F
0-2: Ground out 6-3 (Groundball, 6S, EV 62.5 MPH)
Batting: LHB Ivan Flores 0-0: Called Strike
0-1: Ball
1-1: Foul Ball, location: 2F
1-2: Foul Ball, location: 2F
1-2: Ball
2-2: Ball
3-2: DOUBLE (Flyball, 89XD, EV 93.8 MPH)
Batting: RHB Ramon Estepa 0-0: Ball
1-0: Ball
2-0: Called Strike
2-1: Fly out, F8 (Line Drive, 8RD, EV 103.8 MPH)
Pitching: LHP Gary Pickert
Batting: RHB Ken Reitz 0-0: Ball
1-0: Called Strike
1-1: Ground out 6-3 (Groundball, 56D, EV 110.0 MPH)
Top of the 8th over - 0 runs, 1 hit, 0 errors, 1 left on base; Seattle 0 - Boston 3
BOTTOM OF THE 8TH
Boston Red Sox batting - Pitching for Seattle Mariners : LHP Rich Rodas
Batting: RHB Jeff Burroughs 0-0: Ball
1-0: Called Strike
1-1: Called Strike
1-2: Fly out, F8 (Flyball, 89M, EV 77.5 MPH)
Batting: LHB Willie Aikens 0-0: Ball
1-0: Called Strike
1-1: Ground out U3 (Groundball, 3, EV 86.9 MPH)
Batting: RHB Kevin Klettke 0-0: Ball
1-0: Called Strike
1-1: Fly out, F4 (Flyball, 34D, EV 88.1 MPH)
Bottom of the 8th over - 0 runs, 0 hits, 0 errors, 0 left on base; Seattle 0 - Boston 3
TOP OF THE 9TH
Seattle Mariners batting - Pitching for Boston Red Sox : LHP Gary Pickert
Batting: SHB Miguel Dilone 0-0: Ground out 6-3 (Groundball, 6, EV 83.8 MPH)
Batting: LHB Jose Perales 0-0: Ball
1-0: Called Strike
1-1: Ball
2-1: Ball
3-1: Foul Ball, location: 2F
3-2: Foul Ball, location: 2F
3-2: Fly out, F8 (Flyball, 8LXD, EV 93.8 MPH)
Batting: RHB Robin Yount 0-0: Ball
1-0: Ball
2-0: Foul Ball, location: 2F
2-1: Fly out, F9 (Flyball, 9LM, EV 93.1 MPH)
Top of the 9th over - 0 runs, 0 hits, 0 errors, 0 left on base; Seattle 0 - Boston 3
Friday, July 31st, 2020 - OOTP Baseball 21.5 Build 76